 Dungeon Crawl Stone Soup version 0.31.0-32-g396128a36d (webtiles) character file.

Game seed: 4193595593596677786

4174 Alphaeus the Grappler (level 10, 0/144 HPs)
             Began as a Troll Shapeshifter on Mar 20, 2024.
             Was a Follower of Qazlal.
             Killed by the air
             ... invoked by Gastronok
              (34 damage)
             ... on level 9 of the Dungeon.
             The game lasted 00:06:53 (6053 turns).

Alphaeus the Grappler (Troll Shapeshifter)          Turns: 6053, Time: 00:06:54

Health: 0/144      AC: 25    Str: 24    XL:     10   Next: 8%
Magic:  9/9        EV:  1    Int: 10    God:    Qazlal [*.....]
Gold:   560        SH:  1    Dex:  9    Spells: 9/9 levels left

rFire   . .          .
                       - Unarmed
rCold   . . .        (no shield)
rNeg    . . .        y - melded +0 steam dragon scales
rPois   +            (helmet currently unavailable)
rElec   .            (cloak currently unavailable)
rCorr   .            (gloves unavailable)
SInv    .            (boots unavailable)
Will    +....        (no amulet)
Stlth   +            l - +4 ring of slaying
HPRegen 1.24/turn    i - ring of willpower
MPRegen 0.11/turn

%: no passive effects
@: tree-form
A: stationary, stasis, torment immunity, boosted hp, large, unfitting armour,
(claws 3), regeneration 1, (shaggy fur 1), (tough skin 1)
a: Renounce Religion


You were on level 9 of the Dungeon.
You worshipped Qazlal.
Qazlal was aware of your devotion.
You were a tree.
You visited 2 branches of the dungeon, and saw 10 of its levels.

You collected 560 gold pieces.

Inventory:

Missiles
 C - 2 throwing nets (quivered)
Armour
 a - a +1 animal skin
 y - +0 steam dragon scales (melded)
 E - a +0 cloak
Jewellery
 i - a ring of willpower (right branch)
 l - a +4 ring of slaying (left branch)
 o - a ring of protection from cold
 z - a ring of magical power
 I - a ring of flight
Talismans
 c - a beast talisman
 d - a flux talisman
Wands
 x - a wand of polymorph (20)
Scrolls
 e - 3 scrolls of poison
 f - 2 scrolls of teleportation
 m - a scroll of noise {unknown}
 p - a scroll of summoning
 q - 4 scrolls of identify
 w - 3 scrolls of fog {unknown}
 A - a scroll of blinking
 B - a scroll of acquirement {unknown}
 D - a scroll of brand weapon
 F - 2 scrolls of revelation {unknown}
 G - 2 scrolls of enchant armour
 H - a scroll of amnesia
Potions
 b - a potion of lignification
 g - a potion of berserk rage
 h - 3 potions of haste {unknown}
 j - 2 potions of heal wounds {unknown}
 k - a potion of mutation {unknown}
 n - 2 potions of resistance
 r - a potion of might {unknown}
 s - a potion of enlightenment {unknown}
 t - 5 potions of curing {unknown}
 u - 4 potions of degeneration {unknown}
 v - 2 potions of attraction {unknown}


   Skills:
 + Level 5.4 Fighting
 - Level 1.5 Dodging
 * Level 9.8 Unarmed Combat
 * Level 9.1 Shapeshifting


You had 9 spell levels left.
You didn't know any spells.
Your spell library contained the following spells:

 Spells                   Type           Power      Damage    Failure   Level
 Apportation              Tloc           0%         N/A       36%         1
 Necrotise                Necr           0%         1d4       36%         1
 Sting                    Conj/Alch      0%         1d3       36%         1
 Summon Small Mammal      Summ           0%         N/A       36%         1
 Ensorcelled Hibernation  Hex/Ice        0%         N/A       50%         2
 Mercury Vapours          Alch/Air       0%         N/A       50%         2
 Mephitic Cloud           Conj/Alch/Air  0%         N/A       75%         3
 Passwall                 Erth           0%         N/A       75%         3
 Swiftness                Air            0%         N/A       75%         3
 Freezing Cloud           Conj/Ice/Air   0%         6-21      100%        5


Dungeon Overview and Level Annotations

Branches:
Dungeon (9/15)             Temple (1/1) D:6
   Lair: D:8-11         Orc: D:9-12

Altars:
Cheibriados
Dithmenos
Elyvilon
Gozag
Hepliaklqana
Kikubaaqudgha
Makhleb
Okawaru
Qazlal
Ru
Sif Muna
Trog
Uskayaw
Wu Jian
Xom
Yredelemnul
Zin

Shops:
D:2 [   D:6 (

Annotations:
D:9 Gastronok


Innate Abilities, Weirdness & Mutations

You are a tree.
Your roots penetrate the ground, keeping you stationary.
You cannot be teleported.
You are immune to unholy pain and torment.
Your maximum health is greatly increased.
Your equipment is partially melded.
You are too large for most types of armour.
((You have claws for hands.))
Your natural rate of healing is unusually fast.
((You are covered in fur. (AC +1)))
((You have tough skin. (AC +1)))


Message History

The quokka bites you.
You mangle Gastronok!!
Gastronok is heavily wounded.
The quokka closely misses you.
Gastronok waves his eye-stalks in wide circles.
The air twists around and strikes you!!
* * * LOW HITPOINT WARNING * * *
You are too injured to fight recklessly!
You are too injured to fight recklessly!
You are too injured to fight recklessly!
You are too injured to fight recklessly!
You are too injured to fight recklessly!
You are too injured to fight recklessly!
You are too injured to fight recklessly!
Your transformation has ended.
You turn into a tree.
Your +0 steam dragon scales melds into your body.
Your roots penetrate the ground.
The quokka bites you but does no damage.
Okay, then.
You pummel Gastronok!!
Gastronok is severely wounded.
The quokka bites you but does no damage.
Gastronok bites you!
* * * LOW HITPOINT WARNING * * *
You hit Gastronok.
Gastronok is severely wounded.
The quokka bites you but does no damage.
You hit Gastronok.
Gastronok is severely wounded.
The quokka bites you but does no damage.
You pummel Gastronok!!
Gastronok is almost dead.
The quokka bites you.
* * * LOW HITPOINT WARNING * * *
Gastronok gurgles, "Are you a wizard?
Wizards taste nice..."
Gastronok waves his eye-stalks in wide circles.
The air twists around and strikes you!!
You die...
Gastronok gurgles, "About time.
I'm starving!"

...............)#
...................).#
.....................#..
.......................8
..$........!.........#..
.....................###
....................##
.....................#
......r♣.............#
......w..............#
..............(...)..#
####...........#.....#
##.........##....##
########### ....# ...#
..#


You could see Gastronok and a quokka (summoned).

Vanquished Creatures
  A two-headed ogre (D:8)
  Maggie (D:6)
  A kobold demonologist (D:6)
  A hornet (D:8)
  A steam dragon (D:8)
  Duvessa (D:4)
  An ice beast (D:6)
  A black bear (D:6)
  2 orc warriors
  2 sky beasts
  2 ogres (D:6)
  2 phantoms
  2 bullfrogs
  A kobold brigand (D:7)
  A gnoll sergeant (D:6)
  2 scorpions
  3 wights (D:7)
  Dowan (D:4)
  3 hounds
  4 orc priests (D:5)
  3 bombardier beetles
  4 jellies
  2 gnoll boudas (D:8)
  A sleepcap (D:5)
  3 iguanas
  6 orc wizards
  13 gnolls
  13 adders
  2 white imps
  6 ufetubi
  4 dart slugs
  2 ribbon worms
  32 orcs
  6 ball pythons
  4 endoplasms
  6 giant cockroaches
  7 goblins
  8 hobgoblins
  7 kobolds
  5 quokkas
  A bat (D:3)
  2 frilled lizards
  2 rats
172 creatures vanquished.

Notes
Turn   | Place    | Note
-------+----------+-------------------------------------------
     0 | D:1      | Alphaeus the Troll Shapeshifter began the quest for the
                  | Orb.
     0 | D:1      | Reached XP level 1. HP: 18/18 MP: 0/0
    91 | D:1      | Reached skill level 1 in Fighting
   119 | D:1      | Reached XP level 2. HP: 27/27 MP: 1/1
   697 | D:2      | Found a hide-covered altar of Uskayaw.
   930 | D:2      | Reached XP level 3. HP: 33/33 MP: 2/2
   936 | D:2      | Found Gelan's Antique Armour Shoppe.
  1464 | D:2      | Found a faded altar of an unknown god.
  1674 | D:3      | Reached XP level 4. HP: 41/41 MP: 3/3
  1784 | D:3      | Found a shadowy altar of Dithmenos.
  1918 | D:3      | Found a basalt altar of Yredelemnul.
  2185 | D:4      | Noticed Dowan
  2197 | D:4      | Killed Dowan
  2198 | D:4      | Reached XP level 5. HP: 44/49 MP: 4/4
  2208 | D:4      | Noticed Duvessa
  2219 | D:4      | HP: 2/73 [Duvessa/+2 short sword of protection (9)]
  2220 | D:4      | Killed Duvessa
  2221 | D:4      | Reached XP level 6. HP: 4/57 MP: 5/5
  2334 | D:4      | Found a burning altar of Makhleb.
  2507 | D:4      | Reached skill level 5 in Unarmed Combat
  2609 | D:4      | Reached skill level 5 in Shapeshifting
  2794 | D:4      | Found a shimmering blue altar of Sif Muna.
  2969 | D:5      | Entered Level 5 of the Dungeon
  3003 | D:5      | Reached XP level 7. HP: 66/66 MP: 6/6
  3418 | D:5      | Found a white marble altar of Elyvilon.
  3516 | D:5      | Reached XP level 8. HP: 75/75 MP: 7/7
  3896 | D:6      | Found a staircase to the Ecumenical Temple.
  3937 | D:6      | Noticed Maggie
  3950 | D:6      | Killed Maggie
  3986 | Temple   | Entered the Ecumenical Temple
  3995 | Temple   | Became a worshipper of Qazlal Stormbringer
  4052 | D:6      | Found Zaycracurch's Weapon Shoppe.
  4140 | D:6      | Reached XP level 9. HP: 72/84 MP: 8/8
  4247 | D:6      | Noticed a kobold demonologist
  4252 | D:6      | Killed a kobold demonologist
  4436 | D:6      | Found a hide-covered altar of Uskayaw.
  5273 | D:8      | Found an opulent altar of Gozag.
  5371 | D:8      | Reached * piety under Qazlal
  5372 | D:8      | Reached skill level 5 in Fighting
  5647 | D:8      | Noticed a two-headed ogre
  5658 | D:8      | Killed a two-headed ogre
  5659 | D:8      | Reached XP level 10. HP: 32/96 MP: 9/9
  6038 | D:9      | Noticed Gastronok
  6053 | D:9      | Killed from afar by Gastronok

Illustrated notes

Levels and vault maps discovered:
D:1:      dpeg_arrival_stone_temple_mockup, layout_basic, minmay_tromino_i4
D:2:      layout_basic, serial_shops, shop_coins,
          shapermc_ecumenical_altar_notcrosses, basic_altar,
          minmay_parallelograms, minmay_fountain_box, minmay_quadrilaterals
D:3:      layout_basic, marbit_many_paths, nicolae_overflow_crystal_walls,
          minmay_misc_feat_doors, minmay_unequal
D:4:      layout_loops_ring, lemuel_tele_altar, mainiacjoe_overflow_paths,
          serial_forest, infiniplex_forest_straight_4,
          infiniplex_forest_lined_room_2, infiniplex_forest_lined_room_,
          infiniplex_forest_end_2, infiniplex_forest_3_way,
          infiniplex_forest_zigzag_2, uniq_duvessa
D:5:      layout_rooms, elyvilon_altar_1, grunt_ministairs_15
D:6:      layout_loops_ring, kennysheep_mini, temple_hall, serial_shops,
          nicolae_shop_tiny_real_fake_doors, uniq_maggie
D:7:      layout_gridville
D:8:      layout_basic, grunt_gozag_statues
D:9:      layout_basic, vehumet_statue, hiddenorc2_lemuel, uniq_gastronok
Temple:   eino_temple_lava

Skill      XL: |  1  2  3  4  5  6  7  8  9 |
---------------+----------------------------+-----
Fighting       | 1 2 3 4 5 |  5.4
Unarmed Combat | 4 5 6 8 9 |  9.8
Shapeshifting  | 4 5 6 7 9 |  9.1
Dodging        | |  1.5

Action                     |  1- 3 |  4- 6 |  7- 9 | 10-12 || total
---------------------------+-------+-------+-------+-------++-------
  Melee: Unarmed           |    69 |   102 |   200 |    24 ||   395
         Punch             |     2 |       |     7 |       ||     9
    Use: Potion            |       |     2 |       |     1 ||     3
         Scroll            |       |     8 |       |       ||     8
   Stab: Sleeping          |       |     1 |       |       ||     1
 Armour: Animal skin       |    31 |    74 |    75 |       ||   180
         Skin              |       |     6 |       |     7 ||    13
         Steam dragon scal |       |       |    58 |    14 ||    72
  Dodge: Dodged            |    27 |    45 |    86 |     6 ||   164
  Block: Other             |       |       |       |     1 ||     1
